AoeStats
← _vishi_

African Clearing

505922628Analyzed
4v4 RM · 21d ago on Sep 11, 2026· 50m 34s· 8 players
Game mode
Random Map
Map size
Large (8 player)
Population
200
Speed
Normal
Resources
Standard
Victory
Conquest
Starting age
Dark Age
Ending age
Imperial Age
RankedLock teamsTeams togetherTeam positionsShared explorationLock speedFull tech treeHidden civsTurbo modeCheats
Victory
Defeat
🇫🇷 Malay · France
1386
+16
🇪🇸 Khmer · Spain
1382
+16
🇨🇴 Koreans · Colombia
1356
+17
🇩🇪 Chinese · Germany
1298
+19
🇮🇳 Vietnamese · India
1420
-19
🇨🇳 Mongols · China
1402
-18
🇻🇳 Vikings · Vietnam
1351
-16
🇷🇴 Franks · Romania
1334
-15
_vishi_
8:53 Loom
14:03 Feudal Age
18:13 Castle Age
16:32 Double-Bit Axe
16:31 Horse Collar
19:12 Wheelbarrow
19:23 Bow Saw
19:15 Heavy Plow
31:31 Imperial Age
29:39 Hand Cart
29:25 Stone Mining
30:53 Stone Shaft Mining
31:06 Ballistics
30:37 Fletching
30:47 Padded Archer Armor
31:02 Gold Mining
ChepinChipjoe
6:38 Loom
13:22 Feudal Age
19:32 Castle Age
25:25 Double-Bit Axe
sjhgdtbr
11:26 Loom
13:26 Feudal Age
17:39 Castle Age
15:51 Double-Bit Axe
17:04 Town Watch
17:57 Wheelbarrow
27:44 #83
27:29 Scale Mail Armor
28:56 Squires
28:41 Arson
34:16 Imperial Age
32:35 Forging
34:20 Iron Casting
34:00 Chain Mail Armor
34:19 Capped Ram
35:21 Conscription
36:30 Plate Mail Armor
37:00 Blast Furnace
36:59 Elite Throwing Axeman
39:17 Bow Saw
38:59 Fletching
41:46 Bodkin Arrow
42:12 Ballistics
44:02 Chemistry
44:43 Hoardings
46:07 Murder Holes
2067
13:28 Feudal Age
14:53 Double-Bit Axe
17:31 Castle Age
16:19 Stone Mining
17:18 Horse Collar
18:26 Bow Saw
20:44 Fletching
21:43 Husbandry
22:17 Bodkin Arrow
23:21 Padded Archer Armor
25:18 Loom
28:57 Wheelbarrow
28:47 Town Watch
30:38 Gold Mining
31:28 Leather Archer Armor
32:07 Bloodlines
33:35 Heavy Plow
33:58 Hand Cart
38:35 Imperial Age
37:01 Ballistics
37:52 Thumb Ring
38:28 Gold Shaft Mining
39:39 Conscription
39:35 Bracer
43:22 Chemistry
43:34 Elite Mangudai
45:00 Parthian Tactics
ttbenitez
3:44 Loom
14:06 Feudal Age
18:35 Castle Age
16:52 Double-Bit Axe
17:08 Horse Collar
19:26 Bow Saw
21:30 Fletching
21:37 Gold Mining
26:53 Heavy Plow
30:32 Wheelbarrow
30:56 Ballistics
33:46 Imperial Age
33:08 Hand Cart
34:27 Bodkin Arrow
34:32 Padded Archer Armor
35:44 Two-Man Saw
36:16 Gold Shaft Mining
35:31 Stone Mining
35:51 Bracer
36:06 Leather Archer Armor
36:53 Chemistry
35:46 Capped Ram
37:03 Conscription
37:09 Thumb Ring
38:10 Ring Archer Armor
38:00 Siege Ram
38:57 Elite Skirmisher
42:02 Elite Chu Ko Nu
46:00 Crossbowman
46:52 Arbalester
Tournevis à clou
5:15 Loom
15:25 Feudal Age
18:47 Castle Age
16:41 Horse Collar
17:06 Double-Bit Axe
18:28 Fletching
26:27 Forging
28:47 Scale Barding Armor
30:10 Wheelbarrow
33:22 Imperial Age
33:02 Iron Casting
34:17 Conscription
34:06 Town Watch
36:38 Husbandry
36:48 Gold Mining
39:33 Gold Shaft Mining
38:49 Man-at-Arms
39:43 Long Swordsman
40:23 Two-Handed Swordsman
42:09 Squires
41:55 Arson
45:09 Forced Levy
47:38 Blast Furnace
Aspirante
13:19 Feudal Age
14:12 Loom
16:52 Castle Age
16:38 Double-Bit Axe
16:36 Horse Collar
25:56 Gold Mining
25:57 Stone Mining
27:23 Wheelbarrow
30:32 Gold Shaft Mining
30:04 Heavy Plow
33:52 Imperial Age
32:04 Bloodlines
31:55 Husbandry
33:45 Tusk Swords
34:24 Scale Barding Armor
34:29 Forging
35:28 Forging
35:38 Chain Barding Armor
36:16 Chain Barding Armor
37:41 Iron Casting
38:23 Hand Cart
37:38 Elite Battle Elephant
39:00 Plate Barding Armor
39:14 Conscription
42:49 Blast Furnace
47:50 Town Watch
48:25 Bow Saw
48:49 Crop Rotation
CTM | SUNYQ
9:38 Loom
11:58 Feudal Age
13:38 Town Watch
14:43 Fletching
17:17 Wheelbarrow
25:16 Castle Age
23:56 Double-Bit Axe
23:53 Horse Collar
25:47 Crossbowman
26:27 Bodkin Arrow
28:22 Hand Cart
29:35 Thumb Ring
28:51 Elite Skirmisher
31:49 Gold Mining
32:36 Bow Saw
34:02 Ballistics
34:55 Gold Shaft Mining
38:59 Town Patrol
43:20 Imperial Age
42:56 Stone Mining
45:15 Chemistry
44:20 Siege Engineers
43:51 Arbalester
45:07 Conscription
46:07 Two-Man Saw
45:46 Stone Shaft Mining
45:12 Heavy Plow
45:51 Bracer
Connection lost

Rejoining the realm…

Still unreachable

The connection could not be restored.

Session expired

The server has moved on; the page needs a fresh start.